 Dungeon Crawl Stone Soup version 0.24-a0-616-ge2a249a (webtiles) character file.

Game seed: 10367997302364540285, levelgen mode: deterministic

70 Balder the Skirmisher (level 4, -2/40 HPs)
             Began as a Hill Orc Fighter on Sept 15, 2019.
             Slain by an adder (4 damage)
             ... on level 3 of the Dungeon.
             The game lasted 00:05:46 (1804 turns).

Balder the Skirmisher (Hill Orc Fighter)            Turns: 1804, Time: 00:05:47

Health: -2/40      AC: 11    Str: 17 (18) XL:     4   Next: 22%
Magic:  4/4        EV: 12    Int:  7 (8)  God:
Gold:   83         SH:  9    Dex: 13 (16) Spells: 3/3 levels left

rFire    + . .     SeeInvis .   a - +0 war axe
rCold    + . .     Gourm    .   c - +0 shield
rNeg     . . .     Faith    .   b - +0 scale mail
rPois    +         Spirit   .   (no helmet)
rElec    +         Reflect  .   (no cloak)
rCorr    +         Harm     .   (no gloves)
MR       .....                  (no boots)
Stlth    +.........             (no amulet)
HPRegen  0.13/turn              (no ring)
MPRegen  0.09/turn              (no ring)

@: agile, resistant
A: iridescent scales 1, slimy green scales 1
a: no special abilities


You were on level 3 of the Dungeon.
You were very hungry.

You visited 1 branch of the dungeon, and saw 3 of its levels.

You collected 83 gold pieces.

Inventory:

Hand Weapons
 a - a +0 war axe (weapon)
 m - a +0 hunting sling
Missiles
 k - 6 poisoned darts (quivered)
Armour
 b - a +0 scale mail (worn)
 c - a +0 shield (worn)
Scrolls
 h - 2 scrolls of amnesia {unknown}
 j - a scroll of teleportation {unknown}
 l - 3 scrolls of remove curse {unknown}
 o - a scroll of enchant weapon {unknown}
 p - a scroll of random uselessness {unknown}
 q - a scroll of noise {unknown}
 r - a scroll of immolation {unknown}
 s - 3 scrolls of identify {unknown}
 t - a scroll of magic mapping {unknown}
Comestibles
 f - 3 rations


   Skills:
 * Level 4.1 Fighting
 * Level 4.1 Axes
 * Level 4.0 Armour
 * Level 3.7 Shields


You had 3 spell levels left.
You didn't know any spells.
Your spell library was empty.

Dungeon Overview and Level Annotations

Branches:
Dungeon (3/15)

Altars:
Uskayaw


Innate Abilities, Weirdness & Mutations

You are partially covered in iridescent scales. (AC +2)
You are partially covered in slimy green scales. (AC +2)


Message History

You feel weakened.
You feel dopey.
You feel clumsy.
You are feeling very hungry.
You block the adder's attack.
It was a potion of agility.
You feel agile all of a sudden.
You feel sick. You block the adder's attack.
It was a potion of mutation.
You feel extremely strange.
Slimy green scales grow over part of your body.
You feel more energetic.
You feel less energetic.
Iridescent scales grow over part of your body.
The adder closely misses you.
You miss the adder.
The adder is heavily wounded.
The adder bites you but does no damage. The adder closely misses you.
You closely miss the adder.
The adder is heavily wounded.
You feel sick.
You are no longer poisoned.
The adder bites you.
You die...

.............#
.......?.....#
.............#
.........?...#
....##.....#..# .## ##.
##.#...#
...###.####.###...#
#.....#....####... #
..(.....S@...##...#
###....######..###.####
....<..#######........#
#####..................#
......((<((............#
#####...########.[.....#
.......# #########
####...# #...#


You could see an adder.

Vanquished Creatures
  A howler monkey skeleton (D:3)
  2 adders
  A dart slug (D:2)
  A leopard gecko (D:2)
  2 giant cockroaches
  4 goblins
  2 hobgoblins (D:1)
  5 kobolds
  5 ball pythons (D:2)
  2 bats (D:2)
  4 frilled lizards
  3 rats
32 creatures vanquished.

Vanquished Creatures (others)
  An adder (D:3)
1 creature vanquished.

Grand Total: 33 creatures vanquished

Notes
Turn   | Place    | Note
-------+----------+-------------------------------------------
     0 | D:1      | Balder the Hill Orc Fighter began the quest for the Orb.
     0 | D:1      | Reached XP level 1. HP: 19/19 MP: 1/1
   284 | D:1      | Reached XP level 2. HP: 27/27 MP: 2/2
   813 | D:2      | Found a hide-covered altar of Uskayaw.
  1151 | D:2      | Reached XP level 3. HP: 33/33 MP: 3/3
  1726 | D:3      | Reached XP level 4. HP: 18/40 MP: 4/4
  1802 | D:3      | Gained mutation: You are partially covered in slimy green
                  | scales. (AC +2) [potion of mutation]
  1802 | D:3      | Gained mutation: You have an increased reservoir of magic.
                  | (+10% MP) [potion of mutation]
  1802 | D:3      | Lost mutation: You have an increased reservoir of magic.
                  | (+10% MP) [potion of mutation]
  1802 | D:3      | Gained mutation: You are partially covered in iridescent
                  | scales. (AC +2) [potion of mutation]
  1804 | D:3      | HP: 2/40 [poisoned by an adder]
  1804 | D:3      | Slain by an adder

Levels and vault maps discovered:
D:1:      dpeg_arrival_tiny_d, layout_basic
D:2:      layout_loops_corners, eat_drink_and_be_merry_uskayaw,
          minmay_shallow_snake_nest
D:3:      layout_rooms, okawaru_altar_gauntlet_db, ashenzari_altar_1,
          portal_sewer_entry_b

Skill      XL: |  1  2  3  4 |
---------------+-------------+-----
Axes           | 3 4 |  4.1
Fighting       | 4 |  4.1
Armour         | 4 |  4.0
Shields        | |  3.7

Action                   |  1- 3 |  4- 6 || total
-------------------------+-------+-------++-------
Melee: War axe           |   101 |    28 ||   129
Throw: Dart              |     6 |     2 ||     8
  Use: Potion            |       |     5 ||     5
  Eat: Chunk             |     2 |       ||     2
Armor: Scale mail        |    59 |    18 ||    77
Dodge: Dodged            |    33 |     7 ||    40
Block: Shield            |    51 |    14 ||    65

Table legend:
 A = Non-vault XP
 B = Vault XP
 C = Vault XP percentage of total XP
 D = Non-vault monster count
 E = Vault monster count
 F = Vault count percentage of total count
                 A         B        C        D         E       F
            +---------+---------+-------+---------+---------+-------
      Total |      82 |      19 |  18.8 |      27 |       6 |  18.2
            +---------+---------+-------+---------+---------+-------
        D:1 |      19 |       0 |   0.0 |      12 |       0 |   0.0
        D:2 |      16 |      19 |  54.3 |       9 |       6 |  40.0
        D:3 |      47 |       0 |   0.0 |       6 |       0 |   0.0
            +---------+---------+-------+---------+---------+-------
